 Dungeon Crawl Stone Soup version 0.24-a0-586-g8e0e932 (webtiles) character file.

Game seed: 6435711605640378617, levelgen mode: deterministic

165 Gashadokuro the Skirmisher (level 5, -3/46 HPs)
             Began as a Draconian Berserker on Sept 7, 2019.
             Was a Believer of Trog.
             Slain by goofnerd's ghost (14 damage)
             ... on level 3 of the Dungeon.
             The game lasted 00:08:41 (2315 turns).

Gashadokuro the Skirmisher (Draconian Berserker)    Turns: 2315, Time: 00:08:41

Health: -3/46      AC:  5    Str: 20    XL:     5   Next: 21%
Magic:  5/5        EV: 13    Int:  7    God:    Trog [**....]
Gold:   155        SH:  0    Dex: 11    Spells: 4/4 levels left

rFire    . . .     SeeInvis .   A - +0 morningstar
rCold    . . .     Gourm    .   (no shield)
rNeg     . . .     Faith    .   (armour unavailable)
rPois    .         Spirit   .   (helmet restricted)
rElec    .         Reflect  .   (no cloak)
rCorr    .         Harm     .   (no gloves)
MR       .....                  (no boots)
Stlth    +.........             (no amulet)
HPRegen  0.15/turn              (no ring)
MPRegen  0.09/turn              (no ring)

@: no status effects
A: unfitting armour, cold-blooded, AC +5
a: Berserk, Trog's Hand, Renounce Religion


You were on level 3 of the Dungeon.
You worshipped Trog.
Trog was pleased with you.
You were very hungry.

You visited 1 branch of the dungeon, and saw 3 of its levels.

You collected 155 gold pieces.

Inventory:

Hand Weapons
 a - a +0 spear
 d - a +0 club
 g - a cursed -3 club
 i - a +0 short sword
 j - a +0 club
 k - a +0 club
 m - a cursed +0 dagger
 p - a +0 hand axe
 s - a +0 dagger
 z - a +0 flail
 A - a +0 morningstar (weapon)
 C - a +0 dagger
 E - a +0 hunting sling
 F - a +0 mace
 G - a +0 dagger
 H - a +0 trident
 M - a +0 short sword
 N - a +0 dagger
Missiles
 n - 14 arrows
 v - 19 poisoned darts (quivered)
Armour
 c - a cursed +0 chain mail
 t - a +0 scale mail
 u - a +1 plate armour of positive energy
 x - a +0 leather armour
 B - a +0 leather armour
 D - a +0 robe
 I - a +0 ring mail
 J - a +0 robe
 K - a +0 plate armour
 L - a +0 scale mail
Scrolls
 e - 2 scrolls of teleportation {unknown}
 f - a scroll of immolation {unknown}
 h - a scroll of enchant armour {unknown}
 o - 2 scrolls of remove curse {unknown}
 r - 2 scrolls of enchant weapon {unknown}
 y - a scroll of identify {unknown}
Potions
 l - a potion of haste {unknown}
 q - a potion of heal wounds {unknown}
Comestibles
 b - 3 rations
 w - 8 chunks of flesh


   Skills:
 + Level 4.3 Fighting
 + Level 0.3 Short Blades
 + Level 1.7(2.9) Axes
 + Level 0.5(1.2) Maces & Flails
 + Level 3.5(3.8) Polearms
 + Level 3.9 Dodging
 + Level 0.4 Stealth
 + Level 0.1 Unarmed Combat


You had 4 spell levels left.
You didn't know any spells.
Your spell library was empty.

Dungeon Overview and Level Annotations

Branches:
Dungeon (3/15)

Altars:
Hepliaklqana

Annotations:
D:3 goofnerd's ghost, amateur DsGl


Innate Abilities, Weirdness & Mutations

Your plain brown scales are hard. (AC +5)
You cannot fit into any form of body armour.
You are cold-blooded and may be slowed by cold attacks.


Message History

The ogre hits you but does no damage. Goofnerd's ghost hits you.
Goofnerd's ghost misses you.
Okay, then.
Goofnerd's ghost wails.
Goofnerd's ghost hits you but does no damage.
Goofnerd's ghost hits you!
There is a transporter landing site here.
You can't go down here!
You can't go up here!
The ogre closely misses you. Goofnerd's ghost hits you!
Goofnerd's ghost hits you!
* * * LOW HITPOINT WARNING * * *
You recover from your berserk rage.
There is a transporter here.
You enter the transporter and appear at another place.
The ogre barely misses you. Goofnerd's ghost misses you.
You barely miss the ogre.
The ogre is lightly wounded.
Goofnerd's ghost hits you!
You die...

.. #### #.<.. ...
#.############.... ..>##
#.#.....§#........
.(...#######.#..##O.##..÷....
####.........#.#..#.#..#÷.†..
........####.#.#..#.#........
######..###.©#%.##..##.##....
##.##.W.#$....©#..######
#....O@#..##..#..#
####......#.#..#.#..#
#.....#...#.#..#.#..# ##.
.....##..###.#..##..#..##....
...# ##.#...#......#.....# ..
#.##..########.#.### .. #.#
#............## ...#
#.###.†...........#
#...##..##.†....÷...#......


You could see 2 ogres and goofnerd's ghost.

Vanquished Creatures
  Ijyb (D:3)
  2 orc wizards (D:3)
  3 adders
  A worm (D:2)
  A leopard gecko (D:3)
  7 orcs (D:3)
  3 giant cockroaches
  3 goblins (D:1)
  6 hobgoblins
  4 jackals (D:3)
  4 kobolds
  2 bats (D:1)
  4 frilled lizards
  3 rats
44 creatures vanquished.

Notes
Turn   | Place    | Note
-------+----------+-------------------------------------------
     0 | D:1      | Gashadokuro the Draconian Berserker began the quest for the
                  | Orb.
     0 | D:1      | Reached XP level 1. HP: 19/19 MP: 1/1
   177 | D:1      | Reached XP level 2. HP: 19/26 MP: 2/2
  1402 | D:2      | Reached skill level 4 in Fighting
  1402 | D:2      | Reached XP level 3. HP: 23/33 MP: 3/3
  2107 | D:3      | Reached ** piety under Trog
  2109 | D:3      | Reached XP level 4. HP: 40/40 MP: 4/4
  2151 | D:3      | Found a hazy altar of Hepliaklqana.
  2183 | D:3      | Reached skill level 1 in Axes
  2196 | D:3      | Reached XP level 5. HP: 28/46 MP: 5/5
  2219 | D:3      | Found a transporter.
  2222 | D:3      | Noticed an ogre
  2224 | D:3      | Noticed Ijyb
  2226 | D:3      | Noticed goofnerd's ghost (amateur DsGl)
  2227 | D:3      | Identified the cursed +3 great mace "Saumaokk" {drain,
                  | +Blink Str+2}
  2227 | D:3      | Noticed an ogre
  2262 | D:3      | Killed Ijyb
  2290 | D:3      | Found a transporter.
  2315 | D:3      | Slain by goofnerd's ghost

Levels and vault maps discovered:
D:1:      sevenhm_arrival_forest_fort_large_4, layout_basic
D:2:      layout_basic
D:3:      layout_rooms, overflow_temple_1_default, gammafunk_ghost_smash,
          minmay_circle_x, uniq_ijyb

Skill      XL: |  1  2  3  4 |
---------------+-------------+-----
Dodging        | 3 |  3.9
Fighting       | 4 |  4.3
Axes           | 1 |  1.7
Short Blades   | |  0.3
Maces & Flails | |  0.5
Polearms       | |  3.5
Stealth        | |  0.4
Unarmed Combat | |  0.1

Action                   |  1- 3 |  4- 6 || total
-------------------------+-------+-------++-------
Melee: Spear             |    32 |       ||    32
       Tailslap          |    15 |     2 ||    17
       Short sword       |    39 |       ||    39
       Hand axe          |    25 |     2 ||    27
       Morningstar       |       |    22 ||    22
       Unarmed           |       |    10 ||    10
Invok: Berserk           |     1 |     2 ||     3
  Eat: Chunk             |     2 |     1 ||     3
       Ration            |     1 |       ||     1
Armor: Skin              |    31 |    10 ||    41
Dodge: Dodged            |   102 |    34 ||   136

Table legend:
 A = Non-vault XP
 B = Vault XP
 C = Vault XP percentage of total XP
 D = Non-vault monster count
 E = Vault monster count
 F = Vault count percentage of total count
                 A         B        C        D         E       F
            +---------+---------+-------+---------+---------+-------
      Total |     195 |      41 |  17.4 |      42 |       2 |   4.5
            +---------+---------+-------+---------+---------+-------
        D:1 |      24 |       0 |   0.0 |      14 |       0 |   0.0
        D:2 |      45 |       0 |   0.0 |      11 |       0 |   0.0
        D:3 |     126 |      41 |  24.6 |      17 |       2 |  10.5
            +---------+---------+-------+---------+---------+-------
